 Adventure DCSS version bcrawl-1.27.3 (webtiles) character file.

Game seed: 6187690220766153842

160731 galech the Skirmisher (level 4, 31/35 HPs)
             Began as a Demonspawn Fighter on July 31, 2020.
             Quit the game on level 2 of the Dungeon.
             The game lasted 00:01:26 (1098 turns).

galech the Skirmisher (Demonspawn Fighter)          Turns: 1098, Time: 00:01:26

Health: 31/35      AC:  6    Str: 17    XL:     4   Next: 4%
Magic:  4/4        EV:  5    Int: 17    God:
Gold:   30         SH:  9    Dex: 13    Spells: 3/3 levels left
                                        Lives:  2   Deaths: 0

rFire    . . .     SeeInvis .   a - +0 war axe
rCold    . . .     Gourm    .   c - +0 medium shield
rNeg     . . .     Faith    .   b - +0 scale mail
rPois    .         Spirit   .   (helmet restricted)
rElec    .         Reflect  .   (no cloak)
rCorr    .         Harm     .   (no gloves)
MR       .....                  (no boots)
Stlth    ..........             (no amulet)
HPRegen  0.11/turn              f - +8 ring of intelligence (curse)
MPRegen  0.09/turn              (no ring)

@: no status effects
A: antennae 1, claws 1
a: no special abilities


You were on level 2 of the Dungeon.
You were hungry.

You visited 1 branch of the dungeon, and saw 2 of its levels.

You collected 30 gold pieces.

Inventory:

Hand Weapons
 a - a +0 war axe (weapon)
Armour
 b - a +0 scale mail (worn)
 c - a +0 medium shield (worn)
 m - a +1 ring mail of cold resistance
Jewellery
 f - a cursed +8 ring of intelligence (left claw)
Scrolls
 h - 2 scrolls of remove curse {unknown}
 k - a scroll of magic mapping {unknown}
 n - a scroll of fog {unknown}
 p - 2 scrolls of amnesia {unknown}
Potions
 d - a potion of might
 g - a potion of agility {unknown}
 i - 2 potions of curing {unknown}
 j - a potion of heal wounds {unknown}
 l - 3 potions of mutation {unknown}
 o - a potion of cancellation {unknown}
Comestibles
 e - 2 rations {!d}
 q - 3 chunks of flesh


   Skills:
 + Level 3.4 Fighting
 + Level 2.5 Axes
 + Level 3.2 Armour
 + Level 0.4 Dodging
 + Level 3.1 Shields


You had 3 spell levels left.
You didn't know any spells.
Your spell library was empty.

Dungeon Overview and Level Annotations

Branches:
Dungeon (2/12)

Altars:
Dithmenos
Fedhas
Hepliaklqana
Makhleb
Ru
Uskayaw
Wu Jian


Innate Abilities, Weirdness & Mutations

You have a pair of small antennae on your head.
You have sharp fingernails.


Message History

A pair of antennae grows on your head! The hobgoblin hits you.
You block the goblin's attack. The goblin hits you but does no damage.
You block the hobgoblin's attack.
You hit the hobgoblin.
You kill the hobgoblin!
You closely miss the goblin. The goblin hits you but does no damage.
You hit the goblin but do no damage. The goblin hits you but does no damage.
You block the goblin's attack.
You hit the goblin.
The goblin is heavily wounded.
You block the goblin's attack.
You hit the goblin.
You kill the goblin!
No target in view!
No target in view!
No target in view!
No target in view!
No target in view!
No target in view!
Are you sure you want to abandon this character and quit the game? (Confirm with "yes".)

#(...#÷...#
#.##.#.#..###
#...........#
########..#.# .##
#..#.##### ....
#.......)# .._(.
##.....#.#
_(.._.#########...#.#
......†@......##..#.#
..8.._†......(##..#.#
.......#####..##..#.#
_..._.# #..##..#.#
.._... ####..##..#.#
#....# #.........#.#
#.... #.##.).##.#.#
####. .......#.##.#.#
##..##...##.#.#


There were no monsters in sight!

Vanquished Creatures
  Terence (D:2)
  An ooze (D:1)
  A worm (D:2)
  4 leopard geckos
  2 bats
  2 giant cockroaches (D:1)
  5 goblins
  7 hobgoblins
  A frilled lizard (D:2)
  5 kobolds
  4 rats
33 creatures vanquished.

Notes
Turn   | Place    | Note
-------+----------+-------------------------------------------
     0 | D:1      | galech the Demonspawn Fighter began the quest for the Orb.
     0 | D:1      | Reached XP level 1. HP: 18/18 MP: 1/1
   196 | D:1      | Gained mutation: You have sharp fingernails. [demonic
                  | ancestry]
   196 | D:1      | Reached XP level 2. HP: 24/24 MP: 2/2
   684 | D:1      | Reached XP level 3. HP: 27/29 MP: 3/3
   915 | D:2      | Noticed Terence
   929 | D:2      | Killed Terence
  1083 | D:2      | Found a blossoming altar of Fedhas.
  1084 | D:2      | Found a sacrificial altar of Ru.
  1086 | D:2      | Found an ornate altar of the Wu Jian Council.
  1086 | D:2      | Found a burning altar of Makhleb.
  1086 | D:2      | Found a shadowy altar of Dithmenos.
  1088 | D:2      | Found a hide-covered altar of Uskayaw.
  1088 | D:2      | Found a hazy altar of Hepliaklqana.
  1093 | D:2      | Gained mutation: You have a pair of small antennae on your
                  | head. [demonic ancestry]
  1093 | D:2      | Reached XP level 4. HP: 34/35 MP: 4/4
  1098 | D:2      | Quit the game

Skill      XL: |  1  2 |
---------------+-------+-----
Axes           | 2 |  2.5
Armour         | 3 |  3.2
Shields        | 3 |  3.1
Fighting       | |  3.4
Dodging        | |  0.4

Action                   |  1- 3 |  4- 6 || total
-------------------------+-------+-------++-------
Melee: War axe           |   100 |     4 ||   104
  Eat: Chunk             |     4 |       ||     4
Armor: Scale mail        |    51 |     3 ||    54
Dodge: Dodged            |    26 |       ||    26
Block: Medium shield     |    54 |     4 ||    58
